 Dungeon Sprint DCSS version 0.17-a0-1637-g5d65775 (webtiles) character file.

74 nuthulu the Cudgeler (level 4, -6/73 HPs)
             Began as a Troll Berserker on Aug 7, 2015.
             Was a Believer of Trog.
             Mangled by a water elemental (11 damage)
             ... in the Dungeon (Sprint III: "The Ten Rune Challenge").
             The game lasted 00:01:25 (283 turns).

nuthulu the Cudgeler (Troll Berserker)               Turns: 283, Time: 00:01:25

Health: -6/73      AC:  5    Str: 30    XL:     4   Next: 9%
Magic:  3/3        EV: 11    Int:  3    God:    Trog [**....]
Gold:   23         SH:  0    Dex: 10    Spells: 0 memorised, 3 levels left

rFire  . . .     SeeInvis .     a - +0 mace
rCold  . . .     Clarity  .     b - +0 animal skin
rNeg   . . .     SustAt   .     (no shield)
rPois  .         Gourm    +     (helmet restricted)
rElec  .         Spirit   .     (no cloak)
rCorr  .         Warding  .     (gloves unavailable)
rMut   .         NoTele   +     (boots unavailable)
MR     .....                    (no amulet)
Stlth  ..........               (no ring)
                                (no ring)

@: berserking, engulfed (cannot breathe), very quick, not resistant to hostile
enchantments, extremely unstealthy
A: unfitting armour, claws 3, fast metabolism 3, gourmand, regeneration 2,
shaggy fur 1, tough skin 2
a: Burn Spellbooks, Berserk, Trog's Hand, Renounce Religion


You were in the Dungeon.
You worshipped Trog.
Trog was pleased with you.
You were very full.

You visited 1 branch You collected 23 gold pieces.

Inventory:

Hand weapons
 a - a +0 mace (weapon)
Armour
 b - a +0 animal skin (worn)
Scrolls
 i - a scroll of blinking
 n - 3 scrolls of remove curse
Potions
 d - a potion of curing
 e - a potion of heal wounds
 f - a potion of haste
 g - 2 potions of magic
 h - a potion of berserk rage
 j - a potion of brilliance {unknown}
 k - 2 potions of mutation
 p - 2 potions of flight {unknown}
 q - a potion of invisibility {unknown}
 u - a potion of cure mutation {unknown}
Comestibles
 c - 2 bread rations
 o - a royal jelly
 t - a meat ration


   Skills:
 + Level 4.5 Fighting
 + Level 5.0 Maces & Flails
 + Level 4.5 Dodging


You had 3 spell levels left.
You didn't know any spells.

Dungeon Overview and Level Annotations

Branches:
Dungeon (1/1)

Altars:


Innate Abilities, Weirdness & Mutations

You are too large for most types of armour.
You have claws for hands.
Your metabolism is lightning-fast.
You like to eat raw meat.
You heal very quickly.
You are covered in fur (AC +1).
You have very tough skin (AC +2).


Message History

Your lungs strain for air!
The water elemental closely misses you.
You hit the water elemental but do no damage.
Your lungs strain for air!
The water elemental hits you!
You sock the water elemental!
The water elemental is moderately damaged.
Your lungs strain for air!
The water elemental hits you!!
* * * LOW HITPOINT WARNING * * *
You sock the water elemental!
The water elemental is severely damaged.
* * * LOW HITPOINT WARNING * * *
Your lungs strain for air!
You closely miss the water elemental.
The water elemental is severely damaged.
* * * LOW HITPOINT WARNING * * *
Your lungs strain for air!
The water elemental hits you!
You die...

▓▓▓▓▓▓▓▓▓▓▓ ▓▓▓
.#..'.....♣♣ ♣.#
.#..#....♣.♣ ♣♣.#
'####.....♣♣ ♣..#
....#....≈♣♣♣♣♣.###+#+##
....#...≈≈.♣♣...#.......
....#..≈≈≈≈♣♣♣♣.@.⌠.....
###'#..≈≈≈≈≈≈...#E..####
.[..#.≈≈≈≈≈≈....#.⌠.#
....#.≈≈≈≈≈.....#...#
....#.≈≈≈.......#+###
#####...........#
................#
▓▓▓▓▓▓▓▓▓▓▓▓▓▓▓▓▓


You could see a water elemental.

Vanquished Creatures
  Jessica (D)
  A wolf (D)
  A human (D)
  An ooze (D)
  A rat (D)
5 creatures vanquished.

Vanquished Creatures (others)
  2 draconian scorchers (D)
  A yaktaur (D)
  A plant (D)
4 creatures vanquished.

Grand Total: 9 creatures vanquished

Notes
Turn   | Place    | Note
--------------------------------------------------------------
     0 | D        | nuthulu the Troll Berserker began the quest for the Orb.
     0 | D        | Reached XP level 1. HP: 22/22 MP: 0/0
    10 | D        | Acquired Trog's second power
    10 | D        | Reached skill level 3 in Fighting
    27 | D        | Noticed Jessica
    31 | D        | Killed Jessica
    31 | D        | Reached skill level 4 in Maces & Flails
    31 | D        | Reached XP level 2. HP: 30/32 MP: 1/1
    31 | D        | Reached XP level 3. HP: 36/39 MP: 2/2
    48 | D        | Noticed a wolf
    87 | D        | Killed a wolf
   127 | D        | Reached skill level 5 in Maces & Flails
   127 | D        | Reached XP level 4. HP: 30/49 MP: 3/3
   162 | D        | Killed a white draconian scorcher
   216 | D        | Killed a yaktaur
   238 | D        | Killed a white draconian scorcher
   277 | D        | Noticed a water elemental
   283 | D        | Mangled by a water elemental

Vault maps used:
D:        dungeon_sprint_mu

Action                   |  1- 3 |  4- 6 || total
-------------------------+-------+-------++-------
Melee: Mace              |    27 |     4 ||    31
Invok: Berserk           |       |     1 ||     1
  Use: Scroll            |       |     4 ||     4
  Eat: Chunk             |     3 |     4 ||     7
